 Dungeon Crawl Stone Soup version 0.22-a0-284-g99d1f74 (webtiles) character file.

20 Amnesiac the Ducker (level 2, 0/16 HPs)
             Began as a Spriggan Fighter on Mar 21, 2018.
             Slain by a hobgoblin
             ... wielding a +0 club
              (4 damage)
             ... on level 1 of the Dungeon.
             The game lasted 00:00:58 (787 turns).

Amnesiac the Ducker (Spriggan Fighter)               Turns: 787, Time: 00:00:59

Health: 0/16       AC:  2    Str: 12    XL:     2   Next: 58%
Magic:  3/3        EV: 19    Int:  9    God:
Gold:   11         SH:  6    Dex: 15    Spells: 1/1 levels left

rFire    . . .     SeeInvis +   a - +0 long sword
rCold    . . .     Gourm    .   c - +0 buckler
rNeg     . . .     Faith    .   b - +0 robe
rPois    .         Spirit   .   (helmet restricted)
rElec    .         Reflect  .   (no cloak)
rCorr    .         Harm     .   (gloves unavailable)
MR       .....                  (boots unavailable)
Stlth    +.........             (no amulet)
HPRegen  0.05/turn              (no ring)
MPRegen  0.08/turn              (no ring)

@: very quick
A: very small, unfitting armour, see invisible, herbivore, speed 3, slow
metabolism 2
a: no special abilities


You were on level 1 of the Dungeon.
You were not hungry.

You visited 1 branch of the dungeon, and saw 2 of its levels.

You collected 11 gold pieces.

Inventory:

Hand Weapons
 a - a +0 long sword (weapon)
Missiles
 j - 4 poisoned needles
Armour
 b - a +0 robe (worn)
 c - a +0 buckler (worn)
Scrolls
 e - a scroll of enchant weapon {!r, unknown}
 h - a scroll of remove curse {!r, unknown}
 i - a scroll of blinking {!r, unknown}
Potions
 d - 3 potions of might {!q}
 g - 2 potions of flight {!q, unknown}
Comestibles
 f - 2 rations


   Skills:
 + Level 2.6 Fighting
 * Level 2.0 Long Blades
 + Level 4.7 Dodging
 + Level 2.3 Shields


You had one spell level left.
You didn't know any spells.

Dungeon Overview and Level Annotations

Branches:
Dungeon (2/15)

Altars:


Innate Abilities, Weirdness & Mutations

You are very small and have problems with some larger weapons.
You are too small for most types of armour.
You have supernaturally acute eyesight. (SInv)
You are a herbivore.
You cover ground extremely quickly.
You need to consume almost no food.


Message History

A hobgoblin comes into view.
The hobgoblin shouts!
The kobold throws a stone.
The stone hits you.
A rat comes into view.
You see here a stone.
You closely miss the kobold. The kobold hits you. x2
* * * LOW HITPOINT WARNING * * *
You closely miss the kobold. The kobold misses you.
The kobold throws a stone.
The stone completely misses you.
There is a stone staircase leading up here.
You climb upwards.
There is a stone staircase leading down here.
You hit the rat.
The rat is heavily wounded.
The rat bites you but does no damage. You block the rat's attack.
You hit the rat.
You kill the rat!
You start resting.
HP restored.
The goblin shouts!
Found a potion of might.
A rat comes into view.
You hit the goblin.
The goblin is heavily wounded.
You block the goblin's attack.
You hit the goblin.
You kill the goblin!
You closely miss the rat. The rat misses you.
You closely miss the rat. The rat barely misses you.
You riposte.
You closely miss the rat. The rat barely misses you.
You slash the rat!
You kill the rat!
Found a ration.
d - 3 potions of might {!q} (gained 1)
A giant cockroach comes into view.
Found a stone staircase leading down.
A hobgoblin comes into view. It is wielding a club.
The hobgoblin shouts!
You see here a ration.
f - 2 rations (gained 1)
You completely miss the giant cockroach.
The giant cockroach closely misses you.
The giant cockroach completely misses you.
You hit the giant cockroach but do no damage.
The giant cockroach closely misses you. The giant cockroach misses you.
You riposte.
You hit the giant cockroach.
The giant cockroach is lightly wounded.
You hit the giant cockroach.
The giant cockroach is moderately wounded.
The giant cockroach bites you.
You hit the giant cockroach but do no damage.
The giant cockroach is moderately wounded.
The giant cockroach bites you. The giant cockroach misses you.
You slash the giant cockroach!
You kill the giant cockroach!
You closely miss the hobgoblin. The hobgoblin barely misses you.
You riposte.
You closely miss the hobgoblin. You closely miss the hobgoblin.
The hobgoblin hits you with a club.
You hit the hobgoblin.
The hobgoblin is moderately wounded.
The hobgoblin hits you with a club.
* * * LOW HITPOINT WARNING * * *
The hobgoblin hits you with a club.
You die...

#..####.# #...# #....##.#
#...# #. #.##.##.# #...#
...
#.##.##.######...####....
#.......##.............#.
.........................
.##.#.####.............#
. #.#)# #####...####..#
..#.# #..@# .. ####.####
#.#g# . .####....## #.>.#
..........####...#
####......(.......
..................
...........##.....
.##.#............##
.##.##.....##


You could see a hobgoblin.

Vanquished Creatures
  2 leopard geckos (D:1)
  A bat (D:1)
  A giant cockroach (D:1)
  2 hobgoblins (D:1)
  2 frilled lizards (D:1)
  4 goblins (D:1)
  2 kobolds (D:1)
  4 rats (D:1)
18 creatures vanquished.

Notes
Turn   | Place    | Note
-------+----------+-------------------------------------------
     0 | D:1      | Amnesiac the Spriggan Fighter began the quest for the Orb.
     0 | D:1      | Reached XP level 1. HP: 11/11 MP: 2/2
   513 | D:1      | Reached XP level 2. HP: 16/16 MP: 3/3
   787 | D:1      | Slain by a hobgoblin

Vault maps used:
D:1:      mrwooster_arrival_statue_3, bh_walls_and_bars

Skill      XL: |  1  2 |
---------------+-------+-----
Long Blades    | 2 |  2.0
Fighting       | |  2.6
Dodging        | |  4.7
Shields        | |  2.3

Action                   || total
-------------------------++-------
Melee: Long sword        ||    47
 Stab: Sleeping          ||     3
Armor: Robe              ||     1
Dodge: Dodged            ||    31
Block: Buckler           ||    11
       Rpst.: Long sword ||    10

Table legend:
 A = Spawn XP
 B = Non-spawn XP
 C = Spawn XP percentage of total XP
 D = Spawn monster count
 E = Non-spawn monster count
 F = Spawn count percentage of total count
 G = Total turns spent on level
                    A         B        C        D         E        F      G
               +---------+---------+-------+---------+---------+-------+---------
         Total |       0 |      29 |   0.0 |       0 |      18 |   0.0 |   787
               +---------+---------+-------+---------+---------+-------+---------
           D:1 |       0 |      29 |   0.0 |       0 |      18 |   0.0 |   777
               +---------+---------+-------+---------+---------+-------+---------
